 Dungeon Crawl Stone Soup version 0.25.0-9-g26727b657a (webtiles) character file.

Game seed: 8179052925246742999

1152 MordorOrchid the Chiller (level 8, 0/50 HPs)
             Began as an Octopode Ice Elementalist on June 20, 2020.
             Slain by a centaur (2 damage)
             ... on level 6 of the Dungeon.
             The game lasted 00:17:31 (6407 turns).

MordorOrchid the Chiller (OpIE)                     Turns: 6407, Time: 00:17:32

Health: 0/50       AC:  1    Str:  8    XL:     8   Next: 38%
Magic:  12/15      EV: 14    Int: 19    God:
Gold:   148        SH:  0    Dex: 12    Spells: 5/16 levels left

rFire    . . .     SeeInvis .   y - +2 dagger (venom)
rCold    . . .     Gourm    .   (no shield)
rNeg     . . .     Faith    .   (helmet restricted)
rPois    .         Spirit   .   (no amulet)
rElec    .         Reflect  .   (no ring)
rCorr    .         Harm     .   (no ring)
MR       .....                  (no ring)
Stlth    +++.......             (no ring)
HPRegen  0.16/turn              (no ring)
MPRegen  0.14/turn              (no ring)
                                (no ring)
                                (no ring)

@: frozen ramparts
A: almost no armour, stealthy swim, amphibious, 8 rings, constrict 8, camouflage
1, gelatinous body 1
a: no special abilities


You were on level 6 of the Dungeon.
You were hungry.

You visited 1 branch of the dungeon, and saw 6 of its levels.

You collected 301 gold pieces.
You spent 153 gold pieces at shops.

Inventory:

Hand Weapons
 a - a +0 short sword of freezing
 f - a +0 short sword
 j - a +0 hand crossbow
 s - a +0 spear
 y - a +2 dagger of venom (weapon)
Missiles
 e - 79 bolts
 g - 160 stones
 i - 13 poisoned darts (quivered)
 p - 2 throwing nets
 q - 10 boomerangs
 r - 82 arrows
 u - 15 sling bullets
Jewellery
 F - an uncursed amulet of faith
Wands
 n - a wand of clouds (6)
 o - a wand of acid (5)
Scrolls
 c - 2 scrolls of magic mapping
 l - 2 scrolls of teleportation
 w - a scroll of enchant armour
 z - a scroll of amnesia
 A - 6 scrolls of remove curse
 B - a scroll of immolation
 C - a scroll of identify
 D - a scroll of blinking
 E - a scroll of fear
Potions
 d - 2 potions of curing
 h - a potion of mutation
 k - 3 potions of flight
 m - a potion of invisibility
 t - 2 potions of brilliance
 v - a potion of cancellation
 x - 3 potions of might
Comestibles
 b - 4 rations


   Skills:
 - Level 2.0 Fighting
 - Level 2.0 Short Blades
 * Level 4.0 Dodging
 - Level 3.0 Stealth
 + Level 4.8 Spellcasting
 - Level 1.0 Charms
 * Level 2.6 Summonings
 + Level 6.2 Ice Magic
 * Level 3.6 Evocations


You had 5 spell levels left.
You knew the following spells:

 Your Spells              Type           Power        Failure   Level  Hunger
a - Freeze                Ice            ####         1%          1    None
b - Frozen Ramparts       Ice            ####..       3%          3    ##.....
s - Summon Ice Beast      Ice/Summ       ###.....     21%         4    ####...
y - Ozocubu's Armour      Chrm/Ice       ###.....     9%          3    ##.....

Your spell library contained the following spells:

 Spells                   Type           Power        Failure   Level  Hunger
 Hailstorm                Conj/Ice       ###.....     34%         4    ####...


Dungeon Overview and Level Annotations

Branches:
Dungeon (6/15)
 Temple: D:4-7

Altars:

Shops:
D:4 *


Innate Abilities, Weirdness & Mutations

You cannot wear most types of armour.
You are very stealthy in the water. (Stealth+)
You are amphibious.
You can wear up to eight rings at the same time.
You can use your tentacles to constrict eight enemies at once.
Your skin changes colour to match your surroundings (Stealth+).
Your rubbery body absorbs attacks. (AC +1, EV +1)


Message History

You are feeling hungry.
A centaur comes into view.
The centaur shouts!
The centaur wields a +0 shortbow.
The centaur shoots an arrow.
The arrow hits you!
You see here an arrow.
The centaur shoots an arrow.
The arrow hits you!
The centaur shoots an arrow.
The arrow hits you!
You see here an arrow.
The centaur unwields a +0 shortbow.
The centaur hits you! x2
* * * LOW HITPOINT WARNING * * *
Casting: Frozen Ramparts (dangerous; 3% risk of failure)
Confirm with . or Enter, or press ? or * to list all spells.
The walls around you are covered in ice.
The wall freezes the centaur.
The centaur hits you!
* * * LOW HITPOINT WARNING * * *
You feel better.
The wall freezes the centaur.
The centaur hits you!
* * * LOW HITPOINT WARNING * * *
The wall freezes the centaur.
The centaur hits you.
You die...

########.##..........
#####...........#.
#............##.#.
#.#####..####...##.##.#.
#........# ######.##.#.
#######(## #.##... #.#
#.##... #(# #.##... #@#
#.##.## #c# #.##.# #..
#.# ##.# #.# .# #.# .#
#.# .# #.# .# #># #.#


You could see a centaur.

Vanquished Creatures
  2 ice beasts (D:5)
  An ogre (D:5)
  A big kobold (D:3)
  A bullfrog (D:6)
  A bullfrog zombie (D:5)
  2 hounds (D:5)
  2 jellies (D:5)
  3 orc priests
  2 orc wizards
  2 iguanas (D:5)
  5 worker ants
  A hound skeleton (D:5)
  A worker ant zombie (D:5)
  11 adders
  An ooze (D:1)
  2 adder zombies (D:5)
  An adder skeleton (D:4)
  A worm (D:2)
  4 dart slugs
  2 leopard geckos (D:1)
  16 orcs
  10 bats
  6 giant cockroaches
  13 goblins
  11 hobgoblins
  8 jackals
  5 quokkas
  6 frilled lizards
  16 kobolds
  7 rats
144 creatures vanquished.

Notes
Turn   | Place    | Note
-------+----------+-------------------------------------------
     0 | D:1      | MordorOrchid the Octopode Ice Elementalist began the quest
                  | for the Orb.
     0 | D:1      | Reached XP level 1. HP: 11/11 MP: 3/3
   149 | D:1      | Reached XP level 2. HP: 14/18 MP: 0/5
   154 | D:1      | Reached skill level 1 in Fighting
   483 | D:1      | Reached XP level 3. HP: 20/23 MP: 6/6
   493 | D:1      | Learned a level 3 spell: Frozen Ramparts
  1114 | D:1      | Learned a level 3 spell: Ozocubu's Armour
  1231 | D:2      | Reached XP level 4. HP: 19/29 MP: 6/8
  1453 | D:2      | Found a faded altar of an unknown god.
  1665 | D:2      | Reached skill level 1 in Short Blades
  1859 | D:2      | Reached XP level 5. HP: 34/34 MP: 5/9
  2323 | D:3      | Reached skill level 1 in Evocations
  2560 | D:3      | Noticed a big kobold
  2571 | D:3      | Killed a big kobold
  2843 | D:3      | Reached XP level 6. HP: 35/39 MP: 2/11
  3265 | D:3      | Learned a level 4 spell: Summon Ice Beast
  3807 | D:4      | Reached skill level 5 in Ice Magic
  4226 | D:4      | Reached XP level 7. HP: 41/45 MP: 12/12
  4335 | D:4      | Reached skill level 1 in Summonings
  4607 | D:4      | Found Exeis's General Store.
  4610 | D:4      | Bought a scroll of blinking for 82 gold pieces
  4610 | D:4      | Bought a scroll of fear for 38 gold pieces
  4610 | D:4      | Bought a scroll of identify for 22 gold pieces
  4610 | D:4      | Bought a potion of degeneration for 11 gold pieces
  5128 | D:5      | Entered Level 5 of the Dungeon
  5672 | D:5      | Reached XP level 8. HP: 40/50 MP: 10/14
  5848 | D:5      | Reached skill level 1 in Charms
  5888 | D:5      | Reached skill level 6 in Ice Magic
  6406 | D:6      | HP: 1/50 [centaur (8)]
  6407 | D:6      | Slain by a centaur

Illustrated notes

Levels and vault maps discovered:
D:1:      mrwooster_arrival_statue, layout_loops_cross
D:2:      layout_loops_ring, chequers_ecumenical_altar_twisty
D:3:      cheibrodos_thug_alley, layout_loops_corners, minmay_joined_circles
D:4:      layout_layer_cave, serial_shops, nicolae_shop_behind_doors,
          minmay_misc_feat_five
D:5:      layout_rooms, first_ration, minmay_stone_trees_small
D:6:      layout_loops_ring, minmay_temple_entry_tees,
          gammafunk_ghost_gnarly_gnolls

Skill      XL: |  1  2  3  4  5  6  7  8 |
---------------+-------------------------+-----
Stealth        | 3 |  3.0
Fighting       | 1 2 |  2.0
Short Blades   | 1 2 |  2.0
Evocations     | 1 2 3 |  3.6
Spellcasting   | 3 4 |  4.8
Dodging        | 3 4 |  4.0
Ice Magic      | 5 6 |  6.2
Summonings     | 2 |  2.6
Charms         | 1 |  1.0

Action                   |  1- 3 |  4- 6 |  7- 9 || total
-------------------------+-------+-------+-------++-------
Melee: Spear             |    20 |       |       ||    20
       Constrict         |    15 |    21 |    12 ||    48
       Tentacles         |    10 |    14 |    11 ||    35
       Short sword       |    41 |    54 |       ||    95
       Dagger            |       |    29 |    61 ||    90
 Fire: Hand crossbow     |       |     1 |       ||     1
Throw: Stone             |     2 |       |       ||     2
       Dart              |       |    28 |    19 ||    47
 Cast: Freeze            |    15 |    11 |     2 ||    28
       Frozen Ramparts   |     1 |    19 |     9 ||    29
       Ozocubu's Armour  |       |       |     1 ||     1
Evoke: Wand              |       |       |     1 ||     1
  Use: Scroll            |     2 |     5 |     6 ||    13
       Potion            |       |       |     2 ||     2
 Stab: Sleeping          |     7 |    11 |     6 ||    24
  Eat: Chunk             |     1 |    11 |     7 ||    19
Armor: Skin              |     2 |    11 |     4 ||    17
Dodge: Dodged            |    41 |    54 |    41 ||   136
